 Dungeon Crawl Stone Soup version 0.30-a0-840-ga523dec638 (webtiles) character file.

Game seed: 16567061393508307078

32 zenocrate the Insei (level 3, -2/23 HPs)
             Began as an Octopode Transmuter on Mar 2, 2023.
             Slain by a gnoll
             ... wielding a +2 whip of pain
              (7 damage)
             ... on level 2 of the Dungeon.
             The game lasted 00:01:22 (1019 turns).

zenocrate the Insei (Octopode Transmuter)           Turns: 1019, Time: 00:01:22

Health: -2/23      AC:  1    Str:  9    XL:     3   Next: 27%
Magic:  3/6        EV: 13    Int: 17    God:
Gold:   24         SH:  0    Dex: 12    Spells: 3/6 levels left

rFire   . . .      SeeInvis .      - Unarmed
rCold   . . .      Faith    .    (no shield)
rNeg    . . .      Spirit   .    (helmet currently unavailable)
rPois   .          Reflect  .    (no amulet)
rElec   .          Harm     .    i - ring of wizardry
rCorr   .          Rampage  .    (no ring)
Will    .....                    (no ring)
Stlth   +++                      (no ring)
HPRegen 0.23/turn                (no ring)
MPRegen 0.10/turn                (no ring)
                                 (no ring)
                                 (no ring)

@: appendages, wereblooded
A: tentacle spike 3, almost no armour, amphibious, 8 rings, camouflage 1,
gelatinous body 1, (nimble swimmer 1), tentacles
a: End Transformation


You were on level 2 of the Dungeon.
One of your tentacles had grown a beastly spike.
You visited 1 branch of the dungeon, and saw 2 of its levels.

You collected 24 gold pieces.

Inventory:

Armour
 d - a +0 hat of willpower (melded)
Jewellery
 i - a ring of wizardry (left tentacle)
Scrolls
 c - a scroll of immolation {unknown}
 e - a scroll of acquirement {unknown}
 f - a scroll of enchant armour {unknown}
 g - a scroll of blinking {unknown}
 h - a scroll of identify {unknown}
 j - a scroll of enchant weapon {unknown}
Potions
 a - a potion of lignification
 b - 2 potions of curing {unknown}


   Skills:
 - Level 1.0 Fighting
 - Level 2.0 Dodging
 - Level 2.0 Stealth
 + Level 3.5 Unarmed Combat
 - Level 2.0 Spellcasting
 + Level 2.6 Transmutations


You had 3 spell levels left.
You knew the following spells:

 Your Spells              Type           Power      Damage    Failure   Level
a - Wereblood             Tmut           10%        N/A       4%          2
b - Beastly Appendage     Tmut           20%        N/A       2%          1

Your spell library contained the following spells:

 Spells                   Type           Power      Damage    Failure   Level
 Spider Form              Tmut/Pois      6%         N/A       14%         3
 Ice Form                 Ice/Tmut       6%         N/A       41%         4


Dungeon Overview and Level Annotations

Branches:
Dungeon (2/15)

Altars:


Innate Abilities, Weirdness & Mutations

One of your tentacles has grown a beastly spike.
You cannot wear most types of armour.
You are amphibious.
You can wear up to eight rings at the same time.
Your skin changes colour to match your surroundings (Stealth+).
Your rubbery body absorbs attacks. (AC +1, EV +1)
((You are camouflaged when in or above water. (Stealth+)))
You have tentacles for arms and can constrict up to eight enemies at once.


Message History

Magic restored.
j - a scroll labelled ZENKOL GINOTEMI 3 gnolls come into view.
A gnoll is wielding a +2 whip of pain.
The gnoll shouts! x2
The gnoll moves out of view. x2
A gnoll is nearby!
Casting: Beastly Appendage (safe; 2% risk of failure)
Confirm with . or Enter, or press ? or * to list all spells.
Your blood is infused with primal strength.
Casting: Wereblood (safe; 4% risk of failure)
Confirm with . or Enter, or press ? or * to list all spells.
One of your tentacles grows a vicious spike.
Your +0 hat of willpower melds into your body.
You feel less strong-willed.
The gnoll shouts!
You barely miss the gnoll. Your grab misses the gnoll.
You pierce the gnoll, but do no damage.
The gnoll hits you with a +2 whip of pain!
You completely miss the gnoll. You grab the gnoll.
Your tentacle spike misses the gnoll.
You constrict the gnoll.
The gnoll escapes!
Really quaff the potion of lignification?
Okay, then.
You barely miss the gnoll. Your grab misses the gnoll.
You pierce the gnoll, but do no damage.
Your squeeze misses the gnoll.
The gnoll is lightly wounded.
You tentacle-slap the gnoll. Your grab misses the gnoll.
Your tentacle spike misses the gnoll.
Your squeeze misses the gnoll.
The gnoll is lightly wounded.
The gnoll misses you. The gnoll completely misses you.
Unknown command.
You tentacle-slap the gnoll but do no damage.
You grab the gnoll.
The gnoll is lightly wounded.
You constrict the gnoll, but do no damage.
The gnoll hits you with a +0 flail!
Ouch! That really hurt!
* * * LOW HITPOINT WARNING * * *
The gnoll hits you with a +2 whip of pain!
You die...

###### #.....###
#..g@# #.g#g# #.
#.######## ..
#........# ..
########.# ..
........# .
........#
....###.#########
.................


You could see 3 gnolls.

Vanquished Creatures
  A dart slug (D:1)
  A ball python (D:1)
  2 endoplasms (D:1)
  4 giant cockroaches (D:1)
  3 goblins (D:1)
  2 hobgoblins
  3 kobolds (D:1)
  2 quokkas (D:1)
  3 bats (D:1)
  2 frilled lizards (D:1)
  3 rats (D:1)
26 creatures vanquished.

Notes
Turn   | Place    | Note
-------+----------+-------------------------------------------
     0 | D:1      | zenocrate the Octopode Transmuter began the quest for the
                  | Orb.
     0 | D:1      | Reached XP level 1. HP: 13/13 MP: 3/3
    86 | D:1      | Reached skill level 1 in Stealth
   104 | D:1      | Reached XP level 2. HP: 16/18 MP: 5/5
   200 | D:1      | Learned a level 2 spell: Wereblood
   630 | D:1      | Reached XP level 3. HP: 23/23 MP: 3/6
  1019 | D:2      | Slain by a gnoll

Illustrated notes

Levels and vault maps discovered:
D:1:      grunt_arrival_lava_bath, layout_basic
D:2:      layout_basic, uniq_crazy_yiuf_cottage

Skill      XL: |  1  2 |
---------------+-------+-----
Stealth        | 1 2 |  2.0
Fighting       | |  1.0
Dodging        | |  2.0
Unarmed Combat | |  3.5
Spellcasting   | |  2.0
Transmutations | |  2.6

Action                     || total
---------------------------++-------
  Melee: Unarmed           ||    65
         Constrict         ||    20
         Kick              ||    21
         Tentacles         ||    10
         Punch             ||     1
   Cast: Beastly Appendage ||    15
         Wereblood         ||     8
   Stab: Distracted        ||     1
         Sleeping          ||     2
 Armour: Skin              ||     8
  Dodge: Dodged            ||    34

Table legend: (Time is in decaauts)
 A = Elapsed time spent in this place.
 B = Non-inter-level travel time spent in this place.
 C = Inter-level travel time spent in this place.
 D = Time resting spent in this place.
 E = Time spent auto-exploring this place.
 F = Levels seen in this place.
 G = Mean time per level.
                   A        B        C        D        E       F      G
               +--------+--------+--------+--------+--------+-----+--------+
         Total |   1013 |    999 |     14 |      0 |    770 |   2 |  506.5 |
       Dungeon |   1013 |    999 |     14 |      0 |    770 |   2 |  506.5 |
               +--------+--------+--------+--------+--------+-----+--------+

Top non-repeatable levels by time:
     D:1: 901 daAuts
     D:2: 112 daAuts
